 Dungeon Crawl Stone Soup version 0.28.0 (webtiles) character file.

Game seed: 13307893594389985525

154781 ProzacElf the Severer (level 17, 0/202 HPs)
             Began as a Minotaur Monk on Feb 15, 2022.
             Was an Elder of Elyvilon.
             Killed from afar by a nagaraja (11 damage)
             ... with a bolt of poison
             ... on level 4 of the Snake Pit.
             The game lasted 01:44:19 (56039 turns).

ProzacElf the Severer (Minotaur Monk)              Turns: 56039, Time: 01:44:20

Health: 0/202      AC: 28    Str: 20    XL:     17   Next: 7%
Magic:  20/33      EV: 21    Int:  3    God:    Elyvilon [****..]
Gold:   1843       SH: 25    Dex: 15    Spells: 15/16 levels left

rFire   + + .      SeeInvis +   a - +3 war axe (elec)
rCold   . . .      Faith    .   Q - +10 tower shield of Ignorance {rN+ Int-4}
rNeg    + . .      Spirit   .   X - +5 plate armour {rF+}
rPois   +          Reflect  .   E - +0 mask of the Dragon {Will+ Slay+3 SInv}
rElec   .          Harm     .   g - +0 cloak
rCorr   .          Rampage  .   I - +1 pair of gloves
Will    ++...                   r - +1 pair of boots
Stlth   ..........              W - amulet of the acrobat
HPRegen 0.43/turn               w - ring of protection from fire
MPRegen 0.23/turn               m - ring of poison resistance

@: lethally poisoned (0 -> -25), divinely vigorous, weakened, acrobatic,
studying Short Blades
A: horns 2, retaliatory headbutt, low MP 1, weak 1
a: Renounce Religion, Purification, Heal Other, Heal Self


You were on level 4 of the Snake Pit.
You worshipped Elyvilon.
Elyvilon was greatly pleased with you.
You visited 5 branches of the dungeon, and saw 28 of its levels.

You collected 3173 gold pieces.
You spent 1330 gold pieces at shops.

Inventory:

Hand Weapons
 a - a +3 war axe of electrocution (weapon)
 b - a +2 scimitar of flaming
 L - a +0 broad axe
Missiles
 f - 10 silver boomerangs
 h - 5 curare-tipped darts
 s - 5 boomerangs of dispersal
 u - 19 boomerangs (quivered)
 K - 57 poisoned darts
 N - 5 javelins
Armour
 g - a +0 cloak (worn)
 r - a +1 pair of boots (worn)
 E - the +0 mask of the Dragon (worn) {Will+ Slay+3 SInv}
   (You found it on level 2 of the Snake Pit)

   Slay:      It affects your accuracy & damage with ranged weapons and melee
   (+3).
   SInv:      It lets you see invisible.
   Will:      It increases your willpower.
 I - a +1 pair of gloves (worn)
 Q - the +10 tower shield of Ignorance (worn) {rN+ Int-4}
   (You found it on level 10 of the Dungeon)

   Int:       It affects your intelligence (-4).
   rN:        It protects you from negative energy.
 X - a +5 plate armour of fire resistance (worn)
Jewellery
 m - a ring of poison resistance (right hand)
 v - a ring of protection from cold
 w - a ring of protection from fire (left hand)
 z - a ring of flight
 C - a ring of resist corrosion
 P - a ring of protection from cold
 W - an amulet of the acrobat (around neck)
Wands
 i - a wand of polymorph (6)
 l - a wand of iceblast (1)
 A - a wand of flame (61)
 O - a wand of digging (19)
 U - a wand of paralysis (5)
 Y - a wand of acid (1)
Scrolls
 d - 2 scrolls of vulnerability
 e - a scroll of magic mapping
 p - 5 scrolls of fear
 x - 5 scrolls of teleportation
 y - 10 scrolls of identify
 H - 3 scrolls of enchant weapon
 J - 3 scrolls of immolation
 R - a scroll of summoning
 S - a scroll of amnesia
 V - a scroll of blinking
 Z - a scroll of enchant armour
Potions
 c - 2 potions of resistance
 j - 5 potions of lignification
 k - 2 potions of heal wounds
 n - 3 potions of might
 o - 3 potions of curing
 t - 9 potions of haste
 B - 7 potions of mutation
 D - 4 potions of flight
 F - a potion of cancellation
 G - 4 potions of ambrosia {!e}
 M - 2 potions of brilliance
 T - 2 potions of attraction
Miscellaneous
 q - a box of beasts


   Skills:
 - Level 15.0 Fighting
 - Level 15.8(16.0) Axes
 - Level 3.2(10.8) Polearms
 - Level 10.0 Throwing
 - Level 15.0 Armour
 - Level 5.0 Dodging
 - Level 5.0 Stealth
 + Level 7.6 Shields
 + Level 15.6 Invocations
 - Level 10.0 Evocations


You had 15 spell levels left.
You knew the following spells:

 Your Spells              Type           Power      Damage    Failure   Level
p - Apportation           Tloc           0%         N/A       100%        1

Your spell library contained the following spells:

 Spells                   Type           Power      Damage    Failure   Level
 Animate Skeleton         Necr           0%         N/A       100%        1
 Magic Dart               Conj           0%         1d3       100%        1
 Sting                    Tmut/Pois      0%         1d3       100%        1
 Summon Small Mammal      Summ           0%         N/A       100%        1
 Ensorcelled Hibernation  Hex/Ice        0%         N/A       100%        2
 Poisonous Vapours        Pois/Air       0%         N/A       100%        2
 Searing Ray              Conj           0%         2d4       100%        2
 Static Discharge         Conj/Air       0%         N/A       100%        2
 Dazzling Flash           Conj/Hex       0%         N/A       100%        3
 Gell's Gravitas          Tloc           0%         N/A       100%        3
 Inner Flame              Hex/Fire       0%         N/A       100%        3
 Lesser Beckoning         Tloc           0%         N/A       100%        3
 Spider Form              Tmut/Pois      0%         N/A       100%        3
 Teleport Other           Tloc           0%         N/A       100%        3
 Anguish                  Hex/Necr       0%         N/A       100%        4
 Cause Fear               Hex            0%         N/A       100%        4
 Fulminant Prism          Conj/Hex       0%         3d6       100%        4
 Iskenderun's Mystic Bla  Conj/Tloc      0%         2d3       100%        4
 Olgreb's Toxic Radiance  Pois           0%         N/A       100%        4
 Petrify                  Tmut/Erth      0%         N/A       100%        4
 Summon Ice Beast         Ice/Summ       0%         N/A       100%        4
 Lightning Bolt           Conj/Air       0%         1d11      100%        5
 Metabolic Englaciation   Hex/Ice        0%         N/A       100%        5
 Summon Mana Viper        Hex/Summ       0%         N/A       100%        5
 Starburst                Conj/Fire      0%         6d3       100%        6
 Statue Form              Tmut/Erth      0%         N/A       100%        6
 Monstrous Menagerie      Summ           0%         N/A       100%        7
 Discord                  Hex            0%         N/A       100%        8
 Maxwell's Capacitive Co  Air            0%         ∞         100%        8


Dungeon Overview and Level Annotations

Branches:
Dungeon (15/15)            Temple (1/1) D:6            Lair (6/6) D:9
 Shoals (0/4) Lair:4        Snake (4/4) Lair:2        Slime (0/5) Lair:5
    Orc (2/2) D:11            Elf (0/3) Orc:2        Vaults (0/5) D:14
 Depths (0/4) D:15

Altars:
Ashenzari
Cheibriados
Dithmenos
Elyvilon
Fedhas
Gozag
Hepliaklqana
Kikubaaqudgha
Makhleb
Nemelex Xobeh
Okawaru
Qazlal
Ru
Sif Muna
Trog
Uskayaw
Vehumet
Wu Jian
Xom
Yredelemnul
Zin
The Shining One
Beogh
Jiyva

Shops:
D:11 (   Orc:2 ![:[:   Snake:1 (

Portals:
Abyss: D:11

Annotations:
D:10 1 runed translucent door, exclusion: orange crystal statue
D:11 2 transporters, Bediveer's ghost, journeyman HOMo
D:15 2 transporters, AyAyRon's ghost, adept DsFi
Lair:4 2 transporters, Mahakala's ghost, journeyman DgAE
Orc:1 1 transporter


Innate Abilities, Weirdness & Mutations

You have a pair of horns on your head.
You reflexively headbutt those who attack you in melee.
Your magical capacity is low. (-10% MP)
You are weak. (Str -2)


Message History

Tha splash o' poison hits ye but does nay damage.
Ye resist.
Tha nagaraja constricts ye.
Tha naga warrior spits poison at ye.
Ye block tha splash o' poison.
Ye block tha salamander tyrant's attack.
Tha salamander hits ye but does nay damage.
Tha nagaraja's grasp on ye weakens, but yer attempt ta 'scape fails.
Ye block tha naga warrior's attack.
Tha nagaraja hits ye but does nay damage.
Tha nagaraja constricts ye.
* * * LOW HITPOINT WARNIN'
* * * Tha salamander tyrant hits ye but does nay damage.
Ye block tha salamander's attack.
Ye take 1 damage, an' haf 12/202 hp.
Ye 'scape tha nagaraja's grasp.
Ye block tha salamander tyrant's attack.
Tha nagaraja casts a spell.
Tha nagaraja seems ta speed up.
Ye cannae blink 'cause ye be locked down by a dimension anchor.
Tha salamander tyrant gazes fiercely through ye!
Ye feel as though ye will be weak longer.
Tha nagaraja spits poison at ye.
Tha splash o' poison misses ye.
Tha salamander nay longer looks unusu'lly strong.
Tha nagaraja points at ye an' mumbles some strange words.
Tha poison arrow hits ye!
Ye be poison'd.
Ye parti'lly resist.
Elyvilon protects ye from harm!
Ye block tha salamander tyrant's attack.
Ye feel sick.
Ye block tha salamander tyrant's attack.
Ye take 2 damage, an' haf 12/202 hp.
Ye be nay longer firmly anchored in space.
Ye feel sick.
Tha nagaraja points at ye an' mumbles some strange words.
Tha bolt o' poison hits ye!
Ye be leth'lly poison'd!
Ye resist.
Ye die...

#..###...##............#.........
#.........#...........##.......##
#........##............#....####
#........#.............#....#
.........#...........NNNN...#
.........##...###.....##....##
.........#..÷.'.#.....##.....####
.........#....###.N....#.........
.........#......@.....##.....#'##
.........##########..##.....##..#
).................####...)..#....
)...........................#....
........................)...#....
.............).............##....
....................)......#....)
........^..................##.#..
........^...................#####


You could see a nagaraja (fast, strong, catching breath), a salamander tyrant
(strong) and 2 salamanders.

Vanquished Creatures
  Agnes (D:15)
  4 nagarajas
  2 fire dragons (D:15)
  Fannar (Lair:1)
  7 naga warriors
  10 hydras
  4 boulder beetles
  Erolcha (D:13)
  3 catoblepae (Lair:6)
  Erica (D:8)
  The ghost of Exaltedone87 the Cleaver, a novice DDFi of Elyvilon (D:9)
  An ogre mage (Orc:2)
  2 dancing weapons (D:14)
  3 death knights
  5 two-headed ogres
  11 anacondas
  4 centaur warriors
  3 death yaks
  2 tengu warriors
  8 naga sharpshooters
  4 shock serpents
  A skeletal warrior (D:14)
  4 anaconda zombies (Snake:3)
  5 spectral anacondas (Snake:3)
  2 phantasmal warriors
  7 naga ritualists
  A lindwurm (Lair:6)
  An anaconda skeleton (Snake:3)
  2 orc knights
  4 ugly things (D:14)
  4 mana vipers
  3 deep elf pyromancers
  9 orc sorcerers
  4 cyclopes
  4 manticores
  14 elephants
  8 salamanders
  A merfolk siren (Lair:4)
  41 black mambas
  3 guardian serpents
  8 naga magi
  11 cane toads
  2 kobold demonologists (D:9)
  5 rime drakes
  3 unseen horrors
  9 komodo dragons
  2 gargoyles
  2 yaktaurs
  3 freezing wraiths
  2 tengu conjurers (D:15)
  4 anaconda simulacra (Snake:3)
  6 trolls
  A troll (shapeshifter) (D:14)
  3 polar bears
  16 blink frogs
  12 slime creatures
  13 dream sheep
  A culicivora (shapeshifter) (D:14)
  3 shadows
  6 wyverns
  79 yaks
  A vampire (D:12)
  8 wraiths
  8 basilisks
  5 hogs
  A steam dragon (D:10)
  12 vampire mosquitoes
  A warg (Orc:1)
  27 nagas
  14 water moccasins
  23 orc warriors
  A sky beast (D:6)
  7 black bears
  8 wolves
  12 centaurs
  10 ogres
  3 boggarts (D:15)
  A phantom (D:5)
  14 kobold brigands
  14 bullfrogs
  A wyvern zombie (D:6)
  A gnoll sergeant (D:8)
  7 scorpions
  A wyvern skeleton (D:7)
  5 killer bees
  2 water moccasin skeletons
  4 howler monkeys
  3 wights (D:8)
  3 electric eels
  A centaur zombie (D:5)
  3 bullfrog zombies
  3 gnoll shamans
  A hound (D:7)
  7 jellies
  18 orc priests
  3 bullfrog skeletons
  A hell rat (Lair:5)
  3 iguanas
  42 orc wizards
  11 gnolls
  A howler monkey skeleton (D:6)
  7 adders
  A shadow imp (D:6)
  A white imp (D:6)
  An ufetubus (D:6)
  A worm (D:2)
  5 dart slugs
  69 orcs
  7 ball pythons
  8 bats
  8 endoplasms
  3 giant cockroaches
  13 goblins
  4 hobgoblins
  3 jackals (D:4)
  19 kobolds
  2 frilled lizards
  6 rats (D:1)
836 creatures vanquished.

Vanquished Creatures (collateral kills)
  Kirke (D:13)
  A water moccasin (Lair:4)
  A bullfrog (Lair:4)
3 creatures vanquished.

Vanquished Creatures (others)
  A wizard (D:9)
  2 orc sorcerers (Orc:2)
  2 black mambas (Lair:6)
  A dream sheep (Lair:6)
  3 nagas (Snake:3)
  A boggart (D:15)
  5 orc wizards
  A gnoll (D:8)
  An orc (Orc:2)
  42 fungi
  120 plants
179 creatures vanquished.

Grand Total: 1018 creatures vanquished

Notes
Turn   | Place    | Note
-------+----------+-------------------------------------------
     0 | D:1      | ProzacElf the Minotaur Monk began the quest for the Orb.
     0 | D:1      | Reached XP level 1. HP: 19/19 MP: 0/0
   209 | D:1      | Reached XP level 2. HP: 26/26 MP: 1/1
   703 | D:1      | Reached XP level 3. HP: 31/31 MP: 2/2
  1332 | D:2      | Found a faded altar of an unknown god.
  1339 | D:2      | Prayed at the altar of an unknown god.
  1339 | D:2      | Became a worshipper of Elyvilon the Healer
  1339 | D:2      | Reached * piety under Elyvilon
  1339 | D:2      | Reached ** piety under Elyvilon
  1550 | D:2      | Reached skill level 1 in Armour
  1568 | D:2      | Reached *** piety under Elyvilon
  1988 | D:3      | Reached XP level 4. HP: 39/39 MP: 3/3
  2221 | D:3      | Reached **** piety under Elyvilon
  2712 | D:4      | Reached skill level 5 in Dodging
  2915 | D:4      | Reached XP level 5. HP: 45/45 MP: 4/4
  3562 | D:5      | Entered Level 5 of the Dungeon
  3562 | D:5      | Noticed an ogre
  3881 | D:4      | Killed an ogre
  3882 | D:4      | Reached skill level 1 in Invocations
  3882 | D:4      | Reached XP level 6. HP: 15/51 MP: 4/6
  4321 | D:4      | Reached skill level 5 in Armour
  4726 | D:5      | Reached XP level 7. HP: 48/57 MP: 7/9
  4817 | D:5      | Learned a level 1 spell: Apportation
  5125 | D:5      | Identified the +1 robe "Huharyirch" {rF+ rC+ rN+}
  5225 | D:5      | Reached skill level 1 in Polearms
  5685 | D:6      | Reached ***** piety under Elyvilon
  5696 | D:6      | Reached skill level 5 in Invocations
  5744 | D:6      | Reached skill level 5 in Axes
  6203 | D:6      | Found a staircase to the Ecumenical Temple.
  6209 | Temple   | Entered the Ecumenical Temple
  6876 | D:6      | Found a sacrificial altar of Ru.
  6921 | D:6      | Reached XP level 8. HP: 14/64 MP: 11/11
  8989 | D:7      | Reached XP level 9. HP: 56/70 MP: 13/13
  9225 | D:7      | Noticed a troll
  9232 | D:7      | Pacified a troll
  9778 | D:7      | Noticed a two-headed ogre
  9886 | D:7      | Killed a two-headed ogre
  9887 | D:7      | Reached skill level 10 in Axes
 10620 | D:8      | Noticed a two-headed ogre
 10632 | D:8      | Killed a two-headed ogre
 10633 | D:8      | Reached XP level 10. HP: 10/77 MP: 16/16
 11012 | D:8      | Reached skill level 10 in Invocations
 11060 | D:8      | Reached skill level 1 in Evocations
 11292 | D:8      | Noticed Erica
 11323 | D:8      | Killed Erica
 11324 | D:8      | Reached skill level 5 in Fighting
 13088 | D:9      | Reached skill level 5 in Evocations
 13231 | D:9      | Found a staircase to the Lair.
 13573 | D:9      | Reached XP level 11. HP: 45/91 MP: 17/17
 13779 | D:9      | Identified the +5 quarterstaff of the Boiling Point {venom,
                  | Int+6 Dex+2}
 14371 | D:9      | Found a runed translucent gate.
 14371 | D:9      | Found a runed translucent gate.
 14371 | D:9      | Found an opulent altar of Gozag.
 14371 | D:9      | Found a runed translucent gate.
 14373 | D:9      | Noticed a wizard
 14373 | D:9      | Noticed Exaltedone87's ghost (novice DDFi)
 15177 | D:9      | Reached skill level 5 in Stealth
 15190 | D:9      | Noticed a sun demon
 15504 | Lair:1   | Entered Level 1 of the Lair of Beasts
 16118 | Lair:1   | Reached skill level 10 in Fighting
 16263 | Lair:1   | Noticed Fannar
 16299 | Lair:1   | Killed Fannar
 17027 | Lair:1   | Elyvilon protects you from harm!
 17334 | Lair:1   | Reached XP level 12. HP: 97/106 MP: 19/19
 17606 | Lair:1   | Noticed a five-headed hydra
 17615 | Lair:1   | Killed a one-headed hydra
 17887 | Lair:1   | You fall into a shaft and drop 1 floor!
 17887 | Lair:2   | Noticed a five-headed hydra
 17898 | Lair:2   | Killed a one-headed hydra
 19324 | Lair:1   | Reached skill level 10 in Armour
 19938 | Lair:2   | Found a staircase to the Snake Pit.
 20902 | Lair:3   | Reached skill level 1 in Shields
 22124 | Lair:4   | Identified the +11 long sword of Youthful Indiscretion
                  | {vorpal, Str+2 Int+4}
 22158 | Lair:4   | Reached XP level 13. HP: 83/113 MP: 22/22
 22643 | Lair:4   | Reached skill level 5 in Shields
 23029 | Lair:4   | Found a transporter.
 23031 | Lair:4   | Noticed Mahakala's ghost (journeyman DgAE)
 23038 | Lair:4   | Found a transporter.
 23042 | Lair:4   | Found a bloodstained altar of Trog.
 23611 | Lair:4   | Found a staircase to the Shoals.
 26396 | Lair:5   | Found a viscous altar of Jiyva.
 26397 | Lair:5   | Found a staircase to the Slime Pits.
 26500 | Lair:6   | Entered Level 6 of the Lair of Beasts
 27027 | Lair:5   | Reached skill level 15 in Invocations
 28146 | Lair:6   | Reached skill level 1 in Throwing
 28513 | Lair:6   | Reached skill level 15 in Axes
 28621 | Lair:6   | Reached XP level 14. HP: 117/121 MP: 24/24
 29025 | Lair:6   | Noticed an azure jelly
 29025 | Lair:6   | Noticed a rockslime
 29025 | Lair:6   | Noticed a rockslime
 29027 | Lair:6   | Found a viscous altar of Jiyva.
 29042 | Lair:6   | Elyvilon protects you from harm!
 30107 | D:9      | Killed Exaltedone87's ghost
 30196 | D:10     | Entered Level 10 of the Dungeon
 30569 | D:10     | Found a runed translucent door.
 30569 | D:10     | Found the +10 tower shield of Ignorance {rN+ Int-4}
 30589 | D:10     | Found a runed translucent door.
 31144 | D:11     | Found Cewnirer's Weapon Boutique.
 31154 | D:11     | Identified the +3 glaive of Woshruap {antimagic, rC+ Dex+3}
 31184 | D:11     | Found a transporter.
 31185 | D:11     | Found a one-way gate to the infinite horrors of the Abyss.
 31185 | D:11     | Noticed Bediveer's ghost (journeyman HOMo)
 31330 | D:11     | Reached skill level 5 in Throwing
 31684 | D:11     | Noticed a tentacled starspawn
 31755 | D:11     | Found a transporter.
 31865 | D:11     | Reached ****** piety under Elyvilon
 32299 | D:11     | Found a staircase to the Orcish Mines.
 32494 | Orc:1    | Entered Level 1 of the Orcish Mines
 32496 | Orc:1    | Paralysed by an orc sorcerer for 5 turns
 33268 | Orc:1    | Found a transporter.
 33363 | Orc:2    | Entered Level 2 of the Orcish Mines
 33364 | Orc:2    | Found a staircase to the Elven Halls.
 33445 | Orc:2    | Found Ymnunlonk's Antique Armour Shop.
 34607 | Orc:2    | Paralysed by an orc sorcerer for 7 turns
 34610 | Orc:2    | Gained mutation: You are weak. (Str -2) [a neqoxec]
 34617 | Orc:2    | Gained mutation: Your magical capacity is low. (-10% MP) [a
                  | neqoxec]
 34620 | Orc:2    | Paralysed by an orc sorcerer for 6 turns
 35044 | Orc:2    | Paralysed by an orc sorcerer for 3 turns
 35058 | Orc:2    | Paralysed by an orc sorcerer for 7 turns
 35196 | Orc:2    | Paralysed by an orc sorcerer for 6 turns
 35264 | Orc:2    | Found Xunuc's Antique Armour Shop.
 35288 | Orc:2    | Found a radiant altar of Vehumet.
 35310 | Orc:2    | Found Vufol's Book Shop.
 35533 | Orc:2    | Found an ancient bone altar of Kikubaaqudgha.
 35538 | Orc:2    | Paralysed by an orc sorcerer for 7 turns
 35592 | Orc:2    | Found Irrecrog's Distillery.
 35606 | Orc:2    | Bought a potion of degeneration for 16 gold pieces
 35637 | Orc:2    | Found Caloh's Book Boutique.
 35840 | Orc:2    | Bought a shiny plate armour for 754 gold pieces
 35925 | Orc:2    | Bought a potion of heal wounds for 80 gold pieces
 35925 | Orc:2    | Bought a potion of resistance for 160 gold pieces
 35925 | Orc:2    | Bought a potion of haste for 160 gold pieces
 35925 | Orc:2    | Bought a potion of haste for 160 gold pieces
 36128 | D:12     | Reached XP level 15. HP: 125/126 MP: 22/22
 36809 | D:12     | Elyvilon protects you from harm!
 39078 | D:13     | Identified the +1 robe of the Shining Light {Harm Rampage
                  | rN+ Dex-4}
 39166 | D:13     | Noticed Erolcha
 39178 | D:13     | Killed Erolcha
 39534 | D:14     | Noticed Kirke
 39562 | D:13     | Noticed a sphinx
 40160 | D:13     | Killed Kirke
 40758 | D:14     | Found a gate to the Vaults.
 40763 | D:14     | Reached skill level 10 in Evocations
 40932 | D:14     | You fall into a shaft and drop 1 floor!
 40932 | D:15     | Entered Level 15 of the Dungeon
 41801 | D:14     | Found a white marble altar of Elyvilon.
 42407 | D:15     | Reached skill level 10 in Throwing
 43908 | D:15     | Noticed Agnes
 43937 | D:15     | Killed Agnes
 44272 | D:15     | Found a stormy altar of Qazlal.
 44298 | D:15     | Found a staircase to the Depths.
 44337 | D:15     | Found Istrak's Weapon Shop.
 44910 | D:15     | Found a transporter.
 44910 | D:15     | Noticed AyAyRon's ghost (adept DsFi)
 44915 | D:15     | Noticed a shadow dragon
 44924 | D:15     | Found a transporter.
 45661 | Snake:1  | Entered Level 1 of the Snake Pit
 46440 | Snake:1  | Identified the +6 quarterstaff of Causality {freeze, rN+}
 46545 | Snake:1  | Reached XP level 16. HP: 95/137 MP: 23/23
 47159 | Snake:1  | Found Vuxuigirgh's Weapon Shop.
 50153 | Snake:2  | Found the +0 mask of the Dragon {Will+ Slay+3 SInv}
 51288 | Snake:3  | Reached skill level 15 in Armour
 52148 | Snake:3  | Reached skill level 15 in Fighting
 53864 | Snake:4  | Entered Level 4 of the Snake Pit
 54895 | Snake:4  | Reached XP level 17. HP: 155/156 MP: 24/24
 56037 | Snake:4  | Elyvilon protects you from harm!
 56039 | Snake:4  | Killed from afar by a nagaraja

Illustrated notes

Levels and vault maps discovered:
D:1:      lightli_arrival_statuegarden, layout_basic, minivault_27
D:2:      layout_rooms, hellmonk_ecumenical_altar_slurped_away
D:3:      layout_basic
D:4:      layout_basic, kennysheep_diamond
D:5:      layout_basic, st_stairs_13
D:6:      minmay_thinvault, layout_basic, lemuel_crystal_altar,
          minmay_temple_entry_enclosed_plants, minmay_ogre_servants
D:7:      layout_basic, grunt_ministairs_4
D:8:      layout_loops_cross, uniq_erica
D:9:      layout_gridville, minmay_lair_entry_grove, special_room
          [special_room_kobold], ebering_ghost_gozag
D:10:     layout_cave_pools, chequers_guarded_unrand_ignorance
D:11:     layout_basic, david_orc_4, gammafunk_ghost_abyssal_escape,
          serial_shops, nicolae_diamond_shop
D:12:     layout_roguey, minmay_joined_circles
D:13:     layout_roguey, uniq_erolcha
D:14:     layout_gridville, erik_vaults_1, nicolae_elyvilon_temple_path,
          nrook_campfire, drop_trap, uniq_kirke
D:15:     grunt_enter_depths_hoard, layout_irregular_city,
          gammafunk_ghost_berserking_beasts, serial_shops, shop_coins,
          nicolae_qazlal_eye_of_the_storm, minivault_25, uniq_agnes
Temple:   mainiacjoe_temple_trianglar_array
Lair:1:   layout_gridlike, serial_forest, infiniplex_forest_lined_1,
          infiniplex_forest_diagonal, infiniplex_forest_lined_1,
          infiniplex_forest_clump_tiny, infiniplex_forest_clump_curved,
          infiniplex_forest_clump_curved, infiniplex_forest_lined_corner,
          st_stairs_4, uniq_fannar
Lair:2:   layout_hall_layers, dummy_snake_entry, st_stairs_6,
          nicolae_quartered_pool_super, lemuel_fruit_tree, grunt_megastairs_5
Lair:3:   layout_roguey
Lair:4:   layout_loops_ring, minmay_shoals_entry_lonely_mermaid,
          gammafunk_ghost_wrathful_warriors
Lair:5:   layout_long_grid, slime_altar_1, grunt_megastairs_3,
          serial_bayou_shore_b
Lair:6:   guppyfry_lair_end_dragon, layout_small_grid, hangedman_lair_in_review,
          special_room [special_room_jelly], chequers_serial_rivers_micro_b,
          gammafunk_lair_bear_cave
Snake:1:  layout_chambers, serial_shops, shop_statue
Snake:2:  layout_cave_town, nicolae_fountain_basement, serial_bayou_shore_b
Snake:3:  layout_chambers, nicolae_snake_dead_anacondas
Snake:4:  grunt_snake_rune_pools, layout_cave_town
Orc:1:    emtedronai_trogs_sanctum, layout_caves
Orc:2:    kennysheep_orc_mage_school, layout_diamond_mine, serial_shops,
          nicolae_square_shop

Skill      XL: |  1  2  3  4  5  6  7  8  9 10 11 12 13 14 15 16 |
---------------+-------------------------------------------------+-----
Axes           | 4 5 8 11 15 | 15.8
Dodging        | 4 5 |  5.0
Armour         | 1 2 4 5 7 10 13 15 | 15.0
Invocations    | 1 4 5 7 9 10 11 13 15 | 15.6
Polearms       | 3 |  3.2
Fighting       | 6 10 11 15 | 15.0
Evocations     | 5 8 10 | 10.0
Stealth        | 3 5 |  5.0
Shields        | 4 5 7 |  7.6
Throwing       | 2 7 10 | 10.0

Action                   |  1- 3 |  4- 6 |  7- 9 | 10-12 | 13-15 | 16-18 || total
-------------------------+-------+-------+-------+-------+-------+-------++-------
Melee: Hand axe          |    52 |       |       |       |       |       ||    52
       Headbutt          |    16 |    16 |    58 |   137 |   347 |   175 ||   749
       Punch             |     1 |     4 |     5 |    16 |       |       ||    26
       Flail             |    22 |    59 |       |       |       |       ||    81
       Whip              |       |    28 |    86 |       |       |       ||   114
       War axe           |       |    16 |   195 |   643 |  1397 |   726 ||  2977
       Falchion          |       |       |     3 |       |       |       ||     3
       Scimitar          |       |       |       |    16 |    78 |     1 ||    95
       Unarmed           |       |       |       |       |    15 |       ||    15
Throw: Dart              |       |     5 |     1 |       |       |       ||     6
       Boomerang         |       |       |     2 |     1 |     8 |       ||    11
 Cast: Apportation       |       |       |       |       |     2 |       ||     2
Invok: Purification      |       |     2 |       |     6 |     7 |     5 ||    20
       Heal Self         |       |       |     1 |     2 |    13 |    14 ||    30
       Heal Other        |       |       |     3 |     4 |     9 |     4 ||    20
       Divine Vigour     |       |       |       |       |     1 |     1 ||     2
Evoke: Wand              |       |       |       |     2 |     4 |       ||     6
       Box of beasts     |       |       |       |       |     2 |       ||     2
  Use: Potion            |       |     1 |     1 |     3 |     9 |     1 ||    15
       Scroll            |       |       |     6 |     7 |    20 |     3 ||    36
 Stab: Sleeping          |     4 |       |       |       |       |       ||     4
       Petrified         |       |       |       |       |     7 |       ||     7
       Distracted        |       |       |       |       |     1 |       ||     1
Armor: Robe              |     9 |       |       |       |       |       ||     9
       Chain mail        |     7 |    69 |   141 |    27 |       |       ||   244
       Leather armour    |     4 |       |       |       |       |       ||     4
       Plate armour      |       |       |       |   265 |   829 |   285 ||  1379
       Skin              |       |       |       |       |     3 |       ||     3
Dodge: Dodged            |    34 |    48 |   133 |   207 |   261 |    66 ||   749
Block: Kite shield       |       |       |       |    24 |   255 |       ||   279
       Tower shield      |       |       |       |       |  1237 |   983 ||  2220
